 Dungeon Crawl Stone Soup version 0.31-a0-542-gdc2a67831c (webtiles) character file.

Game seed: 18287540219341566668

447 H3lixF0ssil the Firebug (level 6, -2/47 HPs)
             Began as a Draconian Fire Elementalist on Aug 15, 2023.
             Was an Initiate of Vehumet.
             Killed themself with a badly aimed concussive blast (9 damage)
             ... on level 5 of the Dungeon.
             The game lasted 01:08:08 (4138 turns).

H3lixF0ssil the Firebug (DrFE)                      Turns: 4138, Time: 01:08:12

Health: -2/47      AC:  6    Str: 10    XL:     6   Next: 73%
Magic:  5/12       EV: 12    Int: 18    God:    Vehumet [......]
Gold:   212        SH:  5    Dex: 11    Spells: 7/13 levels left

rFire   . . .        h - +0 long sword
rCold   . . .        (no shield)
rNeg    . . .        (body armour unavailable)
rPois   .            (helmet currently unavailable)
rElec   .            (cloak currently unavailable)
rCorr   .            (gloves currently unavailable)
SInv    .            (boots currently unavailable)
Will    .....        m - amulet of reflection
Stlth   ++           (no ring)
HPRegen 0.27/turn    (no ring)
MPRegen 0.13/turn

%: reflection
@: lethally poisoned (-2 -> -18), beast-form
A: beast (slay +0), AC +6, unfitting armour, cold-blooded
a: Begin Untransformation, Renounce Religion


You were on level 5 of the Dungeon.
You worshipped Vehumet.
Vehumet was noncommittal.
You were a hulking beast.
You visited 2 branches of the dungeon, and saw 6 of its levels.

You collected 212 gold pieces.

Inventory:

Hand Weapons
 a - a +0 hand axe
 h - a +0 long sword (weapon)
Missiles
 c - 26 stones
 d - 4 large rocks
 p - a throwing net (quivered)
Jewellery
 g - an amulet of the acrobat
 m - an amulet of reflection (around neck)
Talismans
 b - a flux talisman
 e - a blade talisman
 q - a beast talisman (active)
Scrolls
 i - a scroll of vulnerability {unknown}
 j - 2 scrolls of amnesia
 o - a scroll of identify {unknown}
 s - a scroll of fog {unknown}
 u - a scroll of blinking {unknown}
 v - a scroll of noise {unknown}
Potions
 f - 2 potions of attraction {unknown}
 k - a potion of cancellation
 l - 2 potions of haste {unknown}
 n - a potion of enlightenment {unknown}
 r - a potion of invisibility {unknown}
 w - 2 potions of curing {unknown}


   Skills:
 + Level 1.1 Fighting
 + Level 1.2 Long Blades
 + Level 2.1 Dodging
 + Level 1.9 Stealth
 + Level 0.1 Shields
 + Level 4.0 Spellcasting
 + Level 2.1 Conjurations
 + Level 5.6 Fire Magic
 + Level 0.1 Shapeshifting


You had 7 spell levels left.
You knew the following spells:

 Your Spells              Type           Power      Damage    Failure   Level
a - Foxfire               Conj/Fire      68%        2x1d7     3%          1
b - Scorch                Fire           46%        2d6       2%          2
c - Volatile Blastmotes   Fire/Tloc      26%        2d12      14%         3

Your spell library contained the following spells:

 Spells                   Type           Power      Damage    Failure   Level
 Magic Dart               Conj           44%        1d5       6%          1
 Searing Ray              Conj           22%        2d5       10%         2
 Inner Flame              Hex/Fire       13%        N/A       14%         3
 Flame Wave               Conj/Fire      17%        2d7       30%         4
 Frozen Ramparts          Ice            6%         1d1       41%         3
 Fulminant Prism          Conj/Hex       3%         3d5       67%         4
 Olgreb's Toxic Radiance  Pois           3%         N/A       82%         4
 Petrify                  Tmut/Erth      3%         N/A       82%         4
 Metabolic Englaciation   Hex/Ice        1%         N/A       99%         5
 Discord                  Hex            1%         N/A       100%        8
 Ignition                 Fire           11%        3d5       100%        8


Dungeon Overview and Level Annotations

Branches:
Dungeon (5/15)             Temple (1/1) D:4

Altars:
Ashenzari
Dithmenos
Elyvilon
Nemelex Xobeh
Okawaru
Qazlal
Ru
Sif Muna
Vehumet
Xom
Yredelemnul
Zin

Shops:
D:4 :

Annotations:
D:5 Blork the orc, Grinder


Innate Abilities, Weirdness & Mutations

You are a hulking beast.
Your limbs bulge with bestial killing power. (Slay +0)
Your plain brown scales are hard. (AC +6)
You cannot fit into any form of body armour.
You are cold-blooded and may be slowed by cold attacks.


Message History

Grinder is lightly wounded.
Grinder's fire resistance burns away.
You feel very sick. Blork the orc closely misses you.
Read: scroll of fear
Press: ? - help, Q - select action, (/) - cycle Dir - look around, f - activate Look: Blork the orc, wielding a +2 battleaxe of venom and wearing a +1 robe (chance to affect: 97%)
As you read the scroll of fear, it crumbles to dust.
You assume a fearsome visage.
Blork the orc looks frightened!
Grinder looks frightened!
You feel very sick.
Grinder blinks!
Casting: Scorch (safe; 2% risk of failure)
Confirm with . or Enter, or press ? or * to list all spells.
Flames lash Blork the orc.
Your attack snaps Blork the orc out of his fear.
Blork the orc is lightly wounded.
Blork the orc's fire resistance burns away.
You feel sick.
You hear an angry hiss.
A steam dragon comes into view.
Grinder blinks!
Casting: Scorch (safe; 2% risk of failure)
Confirm with . or Enter, or press ? or * to list all spells.
A cloud of volatile blastmotes flares up around you!
You feel sick.
Grinder is no longer more vulnerable to fire.
Blork the orc hits you with a +2 battleaxe of venom.
* * * LOW HITPOINT WARNING * * *
You are lethally poisoned!
Grinder blinks!
Unknown command.
* * * LOW HITPOINT WARNING * * *
You feel very sick.
The cloud of blastmotes explodes!
The concussive blast engulfs Blork the orc!
Blork the orc is burned terribly!
Blork the orc is severely wounded.
The concussive blast engulfs you!
You die...

#.....#
#...D. #.....
#....# ###
#....##..##
#.........##
#...........
#..ho.......
#......ยง....
#...........
#....##.....
#....##.5...
#...........
#...........
#........>..
#....#######


You could see Grinder (fleeing), Blork the orc (combustible) and a steam dragon.

Vanquished Creatures
  A black bear (D:3)
  A scorpion (D:4)
  A jelly (D:4)
  An orc priest (D:4)
  A hound (D:4)
  2 orc wizards (D:4)
  4 gnolls (D:4)
  3 adders
  3 worms
  A dart slug (D:4)
  3 orcs
  7 bats
  4 endoplasms
  5 giant cockroaches
  6 goblins
  7 hobgoblins
  2 jackals (D:1)
  5 quokkas (D:1)
  6 ball pythons (D:1)
  4 frilled lizards
  8 kobolds
  7 rats
82 creatures vanquished.

Vanquished Creatures (others)
  85 foxfires
85 creatures vanquished.

Grand Total: 167 creatures vanquished

Notes
Turn   | Place    | Note
-------+----------+-------------------------------------------
     0 | D:1      | H3lixF0ssil the Draconian Fire Elementalist began the quest
                  | for the Orb.
     0 | D:1      | Reached XP level 1. HP: 14/14 MP: 3/3
   148 | D:1      | Reached XP level 2. HP: 20/20 MP: 3/5
   156 | D:1      | Learned a level 2 spell: Scorch
   668 | D:1      | Reached XP level 3. HP: 26/26 MP: 2/6
   851 | D:2      | Learned a level 2 spell: Scorch
   939 | D:2      | Reached skill level 4 in Fire Magic
  1643 | D:3      | Reached XP level 4. HP: 17/33 MP: 4/8
  1991 | D:3      | Noticed a black bear
  2002 | D:3      | Killed a black bear
  2003 | D:3      | Reached XP level 5. HP: 39/39 MP: 3/10
  2189 | D:4      | Reached skill level 5 in Fire Magic
  2299 | D:4      | Found a staircase to the Ecumenical Temple.
  2308 | Temple   | Entered the Ecumenical Temple
  2521 | Temple   | Became a worshipper of Vehumet
  2597 | D:4      | Reached XP level 6. HP: 44/46 MP: 6/11
  2605 | D:4      | Reached skill level 1 in Long Blades
  2827 | D:4      | Reached skill level 1 in Fighting
  2950 | D:4      | Learned a level 3 spell: Volatile Blastmotes
  3152 | D:4      | Found Ymeor's Vocational Training.
  4099 | D:5      | Entered Level 5 of the Dungeon
  4113 | D:5      | Noticed Blork the orc
  4129 | D:5      | Noticed Grinder
  4129 | D:5      | Paralysed by Grinder for 5 turns
  4136 | D:5      | Noticed a steam dragon
  4138 | D:5      | Killed themself with a badly aimed concussive blast

Illustrated notes

Levels and vault maps discovered:
D:1:      dpeg_arrival_short_road, layout_basic, serial_shops, shop,
          minmay_pentomino_q2
D:2:      layout_loops_ring, amcnicky_mini_corridor_feature,
          minmay_small_reverse_x
D:3:      layout_basic, minivault_27
D:4:      layout_basic, temple_statues, nicolae_shop_vocational
D:5:      layout_gridville, chequers_temple_overflow_minitemple,
          kennysheep_decorative_pillar, uniq_menkaure, uniq_crazy_yiuf_cottage,
          uniq_blork_the_orc, uniq_grinder
Temple:   hellmonk_temple_forest_ring

Skill      XL: |  1  2  3  4  5  6 |
---------------+-------------------+-----
Dodging        | 2 |  2.1
Fire Magic     | 4 5 |  5.6
Spellcasting   | 3 4 |  4.0
Long Blades    | 1 |  1.2
Conjurations   | 2 |  2.1
Fighting       | 1 |  1.1
Stealth        | |  1.9
Shields        | |  0.1
Shapeshifting  | |  0.1

Action                     |  1- 3 |  4- 6 || total
---------------------------+-------+-------++-------
  Melee: Dagger            |    10 |       ||    10
         Tailslap          |     2 |     4 ||     6
         Punch             |     1 |       ||     1
         Long sword        |    16 |    29 ||    45
  Throw: Throwing net      |       |     1 ||     1
   Cast: Foxfire           |    33 |    18 ||    51
         Scorch            |    19 |    38 ||    57
         Volatile Blastmot |       |     3 ||     3
Ability: Begin Untransform |       |     1 ||     1
    Use: Potion            |     2 |     3 ||     5
         Scroll            |     1 |     3 ||     4
 Armour: Skin              |    16 |    23 ||    39
  Dodge: Dodged            |    53 |    32 ||    85
  Block: Other             |       |     7 ||     7
   Form: Beast             |       |     2 ||     2

Table legend: (Time is in decaauts)
 A = Elapsed time spent in this place.
 B = Non-inter-level travel time spent in this place.
 C = Inter-level travel time spent in this place.
 D = Time resting spent in this place.
 E = Time spent auto-exploring this place.
 F = Levels seen in this place.
 G = Mean time per level.
                   A        B        C        D        E       F      G
               +--------+--------+--------+--------+--------+-----+--------+
         Total |   4174 |   1689 |   2485 |    909 |      0 |   6 |  695.7 |
       Dungeon |   3941 |   1662 |   2279 |    909 |      0 |   5 |  788.2 |
        Temple |    232 |     26 |    206 |      0 |      0 |   1 |  232.0 |
               +--------+--------+--------+--------+--------+-----+--------+

Top non-repeatable levels by time:
     D:3: 1413 daAuts
     D:4: 985 daAuts
     D:1: 791 daAuts
     D:2: 712 daAuts
  Temple: 232 daAuts
     D:5: 38 daAuts
